 Dungeon Crawl Stone Soup version 0.28-a0-1159-g27aa881441 (webtiles) character file.

Game seed: 7164426357926756793

15603 strifetoe the Caregiver (level 12, -11/89 HPs)
             Began as a Djinni Gladiator on Dec 16, 2021.
             Was a Believer of Elyvilon.
             Mangled by a four-headed hydra (12 damage)
             ... on level 9 of the Dungeon.
             The game lasted 00:37:47 (19174 turns).

strifetoe the Caregiver (Djinni Gladiator)         Turns: 19174, Time: 00:37:48

Health: -11/89     AC: 11    Str:  9    XL:     12   Next: 59%
Gold:   688        EV: 21    Int: 17    God:    Elyvilon [**....] SH:  0 Dex: 15

rFire   + . .      SeeInvis .   y - +9 rapier "Camys" {venom, rC+ rCorr Str-4}
rCold   . . .      Faith    +   (no shield)
rNeg    . . .      Spirit   .   v - +2 robe of Zin {rF- Int+5 Slay+3}
rPois   ∞          Reflect  .   c - +0 helmet
rElec   .          Harm     .   s - +0 cloak
rCorr   +          Rampage  .   a - +3 Mad Mage's Maulers {Infuse+∞ RegenMP Int-3}
Will    +....                   (boots unavailable)
Stlth   +.........              i - amulet of faith
HPRegen 0.24/turn               E - ring of wizardry
MPRegen 0.00/turn               H - +4 ring of evasion

@: flying
A: sickness immunity, fire resistance 2, cold vulnerability 1, float, innate
caster, hp casting, extra vitality 1
a: Renounce Religion, Purification, Heal Other


You were on level 9 of the Dungeon.
You worshipped Elyvilon.
Elyvilon was pleased with you.
You visited 3 branches of the dungeon, and saw 16 of its levels.
You also visited: Sewer.

You collected 3475 gold pieces.
You spent 2787 gold pieces at shops.

Inventory:

Hand Weapons
 e - a +0 dagger of electrocution
 j - a +3 dagger of venom
 y - the +9 rapier "Camys" (weapon) {venom, rC+ rCorr Str-4}
   (You bought it in a shop on level 10 of the Dungeon)

   It poisons the flesh of those it strikes.
   Str:       It affects your strength (-4).
   rC:        It protects you from cold.
   rCorr:     It protects you from acid and corrosion.
Missiles
 d - 3 throwing nets (quivered)
Armour
 a - the +3 Mad Mage's Maulers (worn) {Infuse+∞ RegenMP Int-3}
   (You acquired it on level 7 of the Dungeon)

   It empowers its wearer's blows with all of their magic.
   It causes its wearer's magical reserves to regenerate more quickly.
   Int:       It affects your intelligence (-3).
 c - a +0 helmet (worn)
 o - a +1 pair of gloves
 s - a +0 cloak (worn)
 v - the +2 robe of Zin (worn) {rF- Int+5 Slay+3}
   (You found it on level 5 of the Dungeon)

   Int:       It affects your intelligence (+5).
   Slay:      It affects your accuracy & damage with ranged weapons and melee
   (+3).
   rF:        It makes you vulnerable to fire.
Magical Staves
 u - a staff of conjuration
Jewellery
 i - an amulet of faith (around neck)
 m - a +6 ring of strength
 r - a ring of resist corrosion
 w - a ring of protection from cold
 E - a ring of wizardry (left hand)
 H - a +4 ring of evasion (right hand)
Wands
 z - a wand of acid (2)
 B - a wand of polymorph (2)
 F - a wand of iceblast (4)
 G - a wand of flame (30)
Scrolls
 b - 2 scrolls of fog
 f - 3 scrolls of magic mapping
 g - 6 scrolls of identify
 q - a scroll of enchant weapon
 x - 3 scrolls of teleportation
 A - a scroll of fear
 D - a scroll of silence
 J - a scroll of enchant armour
Potions
 h - a potion of magic
 k - 2 potions of cancellation
 l - a potion of heal wounds
 n - a potion of brilliance
 p - 3 potions of attraction
 t - 2 potions of mutation
 C - a potion of curing
 I - a potion of ambrosia


   Skills:
 - Level 9.2 Fighting
 - Level 5.4 Short Blades
 - Level 1.5 Throwing
 + Level 6.3 Armour
 + Level 9.7 Dodging
 - Level 6.3 Spellcasting
 + Level 13.6 Invocations


You had 8 spell levels left.
You knew the following spells:

 Your Spells              Type           Power      Damage    Failure   Level
a - Freeze                Ice            100%       1d11      1%          1
b - Ensorcelled Hibernat  Hex/Ice        54%        N/A       1%          2
c - Gell's Gravitas       Tloc           27%        N/A       1%          3
d - Petrify               Tmut/Erth      27%        N/A       3%          4
e - Freezing Cloud        Conj/Ice/Air   13%        6-21      11%         5
Your spell library was empty.

Dungeon Overview and Level Annotations

Branches:
Dungeon (14/15)            Temple (1/1) D:7            Lair (1/6) D:9
    Orc (0/2) D:12          Sewer (visited)
 Vaults: D:13-14

Altars:
Ashenzari
Elyvilon
Fedhas
Hepliaklqana
Qazlal
Trog
Uskayaw
Vehumet
Wu Jian
Yredelemnul

Shops:
D:7 ?   D:8 :   D:10 (

Annotations:
D:2 1 runed translucent door, Crazy Yiuf
D:10 exclusion: downstairs


Innate Abilities, Weirdness & Mutations

You are immune to sickness and miasma.
You are immune to poison.
Your flesh is very heat resistant. (rF++)
You are vulnerable to cold. (rC-)
You float through the air rather than walking.
You learn spells naturally, not from books.
Your magical power is your life essence.
You have superior vitality. (+4 HP)


Message History

The four-headed hydra bites you! x2
The four-headed hydra bites you! x2
The four-headed hydra bites you but does no damage.
The four-headed hydra bites you! The four-headed hydra bites you.
The four-headed hydra bites you!
The four-headed hydra bites you but does no damage.
The four-headed hydra bites you! The four-headed hydra bites you. x3
The four-headed hydra bites you but does no damage.
The four-headed hydra bites you. The four-headed hydra bites you! x2
* * * LOW HITPOINT WARNING * * *
The four-headed hydra bites you!
* * * LOW HITPOINT WARNING * * *
The four-headed hydra bites you.
* * * LOW HITPOINT WARNING * * *
The four-headed hydra bites you.
The four-headed hydra bites you but does no damage.
The four-headed hydra bites you!
* * * LOW HITPOINT WARNING * * *
The four-headed hydra bites you but does no damage.
The four-headed hydra bites you. x2
* * * LOW HITPOINT WARNING * * *
The four-headed hydra bites you but does no damage.
You turn to flesh and can move again.
There is a staircase to the Lair here.
Unknown command.
Press: ? - help, Dir - move target, f - four-headed hydra Heal: a four-headed hydra (chance to pacify: 78%)
The light of Elyvilon fails to reach the four-headed hydra.
You can no longer provide healing for yourself.
The four-headed hydra bites you!
* * * LOW HITPOINT WARNING * * *
The four-headed hydra barely misses you.
The four-headed hydra closely misses you.
The four-headed hydra misses you.
Press: ? - help, Dir - move target, f/p - four-headed hydra Heal: a four-headed hydra (chance to pacify: 78%)
The light of Elyvilon fails to reach the four-headed hydra.
The four-headed hydra bites you!
You die...

# #
##############################
#........[.............<......
#.#######....#####.###########
#.# ####....## #.# #########
#.# #........# #.# #........
#.# #....###D# #.# #.#######
#.# #....# #@# #.# #.#######
#.####....########.###.#......
#>...'....'............'^.....
######....######.#.###.#......
#....###....#.# #.######.
#....#......#.###.######.
######.#.##.#............
#.....#.#####.#######
#..#..#.# #.# #


You could see a four-headed hydra.

Vanquished Creatures
  2 two-headed ogres (D:10)
  Sonja (D:10)
  A wizard (D:9)
  A cyclops (D:12)
  A manticore (D:12)
  Maggie (D:9)
  3 kobold demonologists
  4 trolls
  2 shadows
  A vampire (D:9)
  14 yaks
  Eustachio (D:5)
  A steam dragon (D:8)
  2 vampire mosquitoes (D:12)
  2 water moccasins (D:8)
  2 sky beasts (D:6)
  2 black bears
  5 orc warriors
  An ogre (D:5)
  7 centaurs
  A phantom (D:6)
  5 kobold brigands
  5 bullfrogs
  2 scorpions
  2 killer bees
  5 wights (D:7)
  2 electric eels (D:9)
  5 howler monkeys
  2 centaur zombies
  2 bullfrog zombies (D:6)
  4 jellies
  5 hounds
  2 orc priests
  2 centaur skeletons
  6 iguanas
  6 orc wizards
  A scorpion zombie (D:5)
  A hound skeleton (D:4)
  A howler monkey zombie (D:10)
  3 gnolls (D:4)
  4 adders
  A white imp (D:7)
  7 worms
  7 dart slugs
  26 orcs
  14 endoplasms
  8 giant cockroaches
  8 goblins
  10 hobgoblins
  14 jackals
  32 kobolds
  7 quokkas
  8 ball pythons
  12 bats
  2 frilled lizards
  6 rats
282 creatures vanquished.

Vanquished Creatures (others)
  3 yaks
  An acid dragon (D:11)
  2 orc wizards (D:8)
  An orc (D:8)
  A quokka (D:12)
  A fungus (Lair:1)
  2 plants (Lair:1)
11 creatures vanquished.

Grand Total: 293 creatures vanquished

Notes
Turn   | Place    | Note
-------+----------+-------------------------------------------
     0 | D:1      | strifetoe the Djinni Gladiator began the quest for the Orb.
     0 | D:1      | Reached XP level 1. HP: 18/18 MP: 0/0
    63 | D:1      | Found a faded altar of an unknown god.
    76 | D:1      | Reached XP level 2. HP: 17/23 MP: 0/0
   514 | D:1      | Reached XP level 3. HP: 23/28 MP: 0/0
   514 | D:1      | Learned a level 1 spell: Freeze
  1446 | D:2      | Reached XP level 4. HP: 32/33 MP: 0/0
  1713 | D:2      | Reached skill level 1 in Spellcasting
  2117 | D:2      | Found a runed translucent door.
  2118 | D:2      | Noticed Crazy Yiuf
  2523 | D:3      | Reached XP level 5. HP: 11/38 MP: 0/0
  2523 | D:3      | Learned a level 2 spell: Ensorcelled Hibernation
  3230 | D:3      | Found a glowing drain.
  3239 | Sewer    | Entered a sewer
  4927 | D:4      | Reached XP level 6. HP: 43/43 MP: 0/0
  4976 | D:3      | Reached skill level 5 in Short Blades
  5549 | D:4      | Reached XP level 7. HP: 26/49 MP: 0/0
  5549 | D:4      | Learned a level 3 spell: Gell's Gravitas
  5949 | D:4      | Found a stormy altar of Qazlal.
  5996 | D:5      | Entered Level 5 of the Dungeon
  6597 | D:5      | Reached skill level 1 in Armour
  7162 | D:5      | Identified the +2 robe of Zin {rF- Int+5 Slay+3}
  7881 | D:6      | Reached XP level 8. HP: 55/56 MP: 0/0
  7890 | D:6      | Noticed Eustachio
  8168 | D:6      | Reached skill level 5 in Dodging
  8368 | D:6      | Identified a scroll of acquirement
  8371 | D:6      | Acquired 919 gold pieces
  8665 | D:5      | Killed Eustachio
  9143 | D:6      | Reached XP level 9. HP: 45/61 MP: 0/0
  9143 | D:6      | Learned a level 4 spell: Petrify
 10037 | D:7      | Reached skill level 5 in Spellcasting
 10565 | D:7      | Found Funt's Magic Scroll Boutique.
 10614 | D:7      | Found a staircase to the Ecumenical Temple.
 10624 | Temple   | Entered the Ecumenical Temple
 10674 | Temple   | Became a worshipper of Elyvilon the Healer
 11011 | D:8      | Reached skill level 1 in Invocations
 11027 | D:8      | Reached skill level 2 in Invocations
 11297 | D:8      | Reached * piety under Elyvilon
 11354 | D:8      | Reached skill level 3 in Invocations
 11354 | D:8      | Reached XP level 10. HP: 53/69 MP: 0/0
 11607 | D:8      | Found Taugijaz's Book Shop.
 11823 | D:8      | Acquired 970 gold pieces
 11853 | D:7      | Bought 3 scrolls of acquirement for 1872 gold pieces
 11853 | D:7      | Acquired 945 gold pieces
 11855 | D:7      | Acquired a manual of Invocations
 11857 | D:7      | Acquired the +3 Mad Mage's Maulers {Infuse+∞ RegenMP Int-3}
 11857 | D:7      | Found the +3 Mad Mage's Maulers {Infuse+∞ RegenMP Int-3}
 11948 | D:9      | Reached skill level 5 in Fighting
 11948 | D:9      | Reached skill level 4 in Invocations
 12096 | D:9      | Reached skill level 5 in Invocations
 12204 | D:9      | Found a staircase to the Lair.
 12228 | D:9      | Noticed a wizard
 12246 | D:9      | Killed a wizard
 12247 | D:9      | Reached skill level 6 in Invocations
 12653 | D:9      | Noticed a kobold demonologist
 12719 | D:9      | Noticed a kobold demonologist
 12740 | D:9      | Killed a kobold demonologist
 12741 | D:9      | Reached skill level 7 in Invocations
 12751 | D:9      | Killed a kobold demonologist
 12819 | D:9      | Reached skill level 8 in Invocations
 13100 | D:9      | Reached ** piety under Elyvilon
 13269 | D:9      | Noticed Maggie
 13292 | D:9      | Killed Maggie
 13614 | D:10     | Entered Level 10 of the Dungeon
 13659 | D:10     | Found Miupt's Weapon Boutique.
 13664 | D:10     | Noticed Sonja
 13677 | D:10     | Killed Sonja
 13678 | D:10     | Reached skill level 9 in Invocations
 13678 | D:10     | Reached XP level 11. HP: 72/81 MP: 0/0
 13678 | D:10     | Learned a level 5 spell: Freezing Cloud
 13689 | D:10     | Bought the +9 rapier "Camys" {venom, rC+ rCorr Str-4} for
                  | 915 gold pieces
 13908 | D:10     | Noticed a two-headed ogre
 13909 | D:10     | Noticed a two-headed ogre
 13987 | D:9      | Pacified a two-headed ogre
 13988 | D:9      | Reached skill level 10 in Invocations
 14862 | D:10     | Killed a two-headed ogre
 14863 | D:10     | Reached skill level 11 in Invocations
 14988 | D:11     | Noticed a two-headed ogre
 15454 | D:10     | Killed a two-headed ogre
 16448 | D:11     | Reached skill level 12 in Invocations
 16467 | D:11     | HP: 2/84 [chaos spawn[a kobold demonologist] (7)]
 16765 | D:12     | Noticed a cyclops
 17243 | D:11     | You are sucked into a shaft and drop 3 floors!
 17282 | D:14     | Noticed a cyclops
 17293 | D:13     | Noticed a cyan ugly thing
 17299 | D:12     | Pacified a cyan ugly thing
 17300 | D:12     | Reached XP level 12. HP: 78/89 MP: 0/0
 17325 | D:12     | Noticed a seven-headed hydra
 17332 | D:12     | Pacified a seven-headed hydra
 17349 | D:12     | Reached skill level 5 in Armour
 17369 | D:12     | Noticed a two-headed ogre
 17372 | D:12     | Pacified a two-headed ogre
 17373 | D:12     | Reached skill level 13 in Invocations
 17917 | D:12     | Found a staircase to the Orcish Mines.
 18007 | D:12     | Noticed Frances
 18012 | D:12     | Pacified Frances
 18867 | Lair:1   | Entered Level 1 of the Lair of Beasts
 18929 | Lair:1   | Reached *** piety under Elyvilon
 18971 | Lair:1   | Noticed a four-headed hydra
 19173 | D:9      | HP: 3/89 [four-headed hydra (11)]
 19174 | D:9      | Mangled by a four-headed hydra

Illustrated notes

Levels and vault maps discovered:
D:1:      eino_arrival_cavern_e, layout_rooms, chequers_ecumenical_altar_island
D:2:      layout_basic, serial_glass, glass_columns_a, glass_columns_a,
          minmay_strange_pillars, uniq_crazy_yiuf_cottage
D:3:      layout_basic, cheibrodos_sewer_entry_bend, chequers_jeans,
          chequers_serial_rivers_small_b
D:4:      kennysheep_six_static_rooms, layout_basic,
          mainiacjoe_overflow_boulevard
D:5:      layout_gridville, minmay_misc_feat_room
D:6:      layout_layer_cave, serial_rivers, chequers_serial_rivers_room_a,
          chequers_serial_rivers_micro_c, chequers_serial_rivers_large_a,
          chequers_serial_rivers_small_3, uniq_eustachio
D:7:      layout_rooms, minmay_temple_entry_tees, serial_shops,
          nicolae_shop_hallway_stairs, nicolae_benzene_ring
D:8:      layout_rooms, serial_shops, nicolae_lakefront_shop
D:9:      layout_basic, lair_entry_dummy, roderic_lattice_a, uniq_maggie
D:10:     minmay_recursive_quarters, layout_long_grid, serial_shops,
          nicolae_shop_bloodbath_and_beyond, uniq_sonja
D:11:     layout_rooms
D:12:     layout_loops_ring, orc_0_dummy, elyvilon_altar_4, uniq_urug,
          uniq_frances
D:13:     layout_basic, grunt_vaults_entry_fortified, serial_shops, shop,
          argonaut_gorgonesque
D:14:     layout_cave_pods, serial_bayou, serial_bayou_pond_e,
          serial_bayou_pond_d, serial_bayou_ford_a, serial_bayou_pond_b,
          serial_bayou_pond_a, serial_bayou_pond_a
Temple:   mainiacjoe_temple_hex_bubbles
Lair:1:   layout_misc_corridors, chequers_serial_rivers_small_b

Skill      XL: |  1  2  3  4  5  6  7  8  9 10 11 12 |
---------------+-------------------------------------+-----
Short Blades   | 3 4 5 |  5.4
Spellcasting   | 1 2 3 4 6 |  6.3
Armour         | 2 4 6 |  6.3
Dodging        | 4 6 7 8 9 |  9.7
Fighting       | 3 4 7 9 |  9.2
Invocations    | 3 9 12 13 | 13.6
Throwing       | |  1.5

Action                   |  1- 3 |  4- 6 |  7- 9 | 10-12 || total
-------------------------+-------+-------+-------+-------++-------
Melee: Rapier            |    18 |       |       |   228 ||   246
       Dagger            |   110 |   311 |   362 |   192 ||   975
Throw: Throwing net      |       |       |     1 |       ||     1
 Cast: Freeze            |       |     1 |     6 |     2 ||     9
       Ensorcelled Hiber |       |     1 |    14 |    27 ||    42
       Petrify           |       |       |       |    13 ||    13
Invok: Heal Other        |       |       |       |    16 ||    16
Evoke: Wand              |       |       |     3 |     9 ||    12
  Use: Scroll            |       |     9 |     4 |    11 ||    24
       Potion            |       |       |       |     8 ||     8
 Stab: Sleeping          |       |     3 |     6 |     5 ||    14
       Petrified         |       |       |       |    10 ||    10
       Petrifying        |       |       |       |     3 ||     3
       Invisible         |       |       |       |     3 ||     3
Armor: Leather armour    |    38 |   103 |    22 |       ||   163
       Robe              |       |       |    71 |   119 ||   190
Dodge: Dodged            |   105 |   181 |   214 |   443 ||   943

Table legend: (Time is in decaauts)
 A = Elapsed time spent in this place.
 B = Non-inter-level travel time spent in this place.
 C = Inter-level travel time spent in this place.
 D = Time resting spent in this place.
 E = Time spent auto-exploring this place.
 F = Levels seen in this place.
 G = Mean time per level.
                   A        B        C        D        E       F      G
               +--------+--------+--------+--------+--------+-----+--------+
         Total |  18931 |  18358 |    573 |   6949 |   8099 |  17 | 1113.6 |
       Dungeon |  17866 |  17304 |    562 |   6718 |   7625 |  14 | 1276.1 |
        Temple |    146 |    135 |     11 |      0 |     51 |   1 |  146.0 |
          Lair |    113 |    113 |      0 |      0 |     50 |   1 |  113.0 |
         Sewer |    805 |    805 |      0 |    231 |    373 |   1 |  805.0 |
               +--------+--------+--------+--------+--------+-----+--------+

Top non-repeatable levels by time:
    D:10: 2278 daAuts
     D:5: 2121 daAuts
     D:9: 2085 daAuts
     D:6: 1652 daAuts
     D:3: 1457 daAuts
     D:4: 1386 daAuts
    D:12: 1329 daAuts
    D:11: 1302 daAuts
     D:1: 1283 daAuts
     D:2: 1178 daAuts
     D:7: 855 daAuts
     D:8: 820 daAuts
   Sewer: 805 daAuts
  Temple: 146 daAuts
  Lair:1: 113 daAuts
